Map: Port Aleksander LE

Players

TLO - Winner!

  • Race: Zerg Zerg
  • Spawn Location: 5:00

Zanster

  • Race: Zerg Zerg
  • Spawn Location: 11:00

Event: 2019 WCS Spring

VOD

Have the link to the VOD?

Description

Time

  • Played on: May 17, 2019, 1:34 p.m.
  • Length: 8:05

All games in this series

Show
View Real Time Build Order
Export as new Build Order

TLO Zerg - Winner!

Build Orders: Hatch First 

Get SALT Encoding   

  12  0:00  Drone  
  13  0:12  Overlord  
  13  0:17  Drone  
  14  0:31  Drone x2  
  14  0:35  Drone  
  17  0:52  Hatchery  
  17  0:56  Drone  
  17  0:59  Drone  
  18  1:06  Extractor  
  17  1:15  Spawning Pool  
  17  1:18  Drone  
  17  1:21  Drone  
  18  1:29  Drone  
  19  1:41  Drone  
  20  1:49  Overlord  
  20  2:02  Queen  
  20  2:03  Queen  
  20  2:05  Drone  
  20  2:08  Metabolic Boost  
  25  2:11  Drone  
  25  2:14  Drone  
  27  2:19  Drone  
  27  2:21  Drone  
  29  2:26  Zergling x2  
  30  2:39  Hatchery  
  30  2:41  Zergling x2  
  30  2:46  Overlord  
  30  2:53  Overlord  
  30  2:57  Zergling x4  
  30  2:58  Zergling x2  
  33  3:10  Zergling x4  
  35  3:14  Zergling x2  
  35  3:15  Zergling x10  
  41  3:20  Zergling x2  
  41  3:23  Overlord  
  42  3:31  Drone  
  43  3:37  Drone  
  43  3:40  Drone  
  45  3:42  Drone  
  45  3:44  Drone x3  
  49  3:52  Drone  
  49  3:53  Baneling Nest  
  49  3:55  Drone  
  46  3:56  Drone  
  46  4:02  Zergling x4  
  46  4:06  Zergling x2  
  46  4:07  Queen  
  49  4:15  Zergling x2  
  48  4:17  Zergling x2  
  48  4:18  Zergling x2  
  48  4:23  Zergling x2  
  48  4:24  Zergling x6  
  53  4:25  Zergling x2  
  53  4:28  Drone  
  56  4:32  Evolution Chamber  
  56  4:33  Drone  
  56  4:34  Drone x3  
  56  4:35  Drone  
  60  4:42  Baneling, Drone  
  60  4:43  Baneling x2  
  61  4:46  Drone  
  61  4:47  Drone  
  61  4:49  Extractor  
  61  4:50  Extractor, Drone  
  63  4:52  Drone  
  63  4:53  Roach Warren  
  63  4:56  Drone x2  
  63  4:58  Drone  
  64  5:00  Drone  
  64  5:01  Baneling, Drone  
  64  5:03  Drone  
  61  5:14  Drone  
  61  5:17  Zergling x4  
  61  5:20  Zergling x4  
  64  5:23  Zergling x2  
  64  5:25  Lair  
  64  5:27  Drone  
  65  5:32  Overlord  
  65  5:36  Zergling x2  
  65  5:39  Drone  
  64  5:43  Extractor, Zerg Missile Weapons Level 1  
  64  5:44  Roach  
  64  5:45  Zergling x2  
  64  5:46  Zergling x2  
  64  5:51  Drone  
  64  5:53  Queen  
  64  5:54  Roach x2  
  64  5:55  Roach  
  64  5:56  Overlord  
  64  5:57  Overlord  
  73  5:58  Overlord  
  73  6:00  Overlord x2  
  73  6:04  Overlord  
  72  6:05  Overlord  
  72  6:06  Baneling  
  72  6:11  Overlord  
  72  6:12  Overlord  
  72  6:16  Drone  
  72  6:17  Roach  
  75  6:22  Roach x2  
  75  6:23  Roach  
  80  6:25  Glial Reconstitution  
  80  6:27  Roach  
  80  6:29  Roach  
  80  6:32  Roach  
  85  6:35  Roach  
  85  6:38  Drone x2  
  85  6:39  Drone  
  90  6:40  Drone  
  90  6:41  Drone  
  90  6:42  Drone  
  90  6:44  Drone  
  90  6:45  Drone  
  94  6:48  Roach  
  94  6:50  Roach  
  94  6:52  Roach  
  100  6:56  Roach  
  100  6:57  Roach  
  100  6:59  Roach  
  100  7:01  Roach x2  
  110  7:04  Roach  
  112  7:10  Evolution Chamber, Spine Crawler  
  112  7:12  Roach, Spine Crawler  
  112  7:14  Baneling  
  112  7:15  Baneling x3  
  111  7:17  Roach  
  111  7:19  Roach  
  114  7:23  Roach  
  114  7:24  Roach  
  114  7:26  Roach  
  114  7:28  Roach  
  122  7:30  Roach  
  122  7:32  Roach, Baneling  
  122  7:35  Roach  
  122  7:36  Roach  
  130  7:41  Roach x2  
  130  7:43  Roach  
  130  7:44  Roach  
  130  7:45  Ravager  
Show
View Real Time Build Order
Export as new Build Order

Zanster Zerg 

Build Orders: Hatch First, Zergling Baneling 

Get SALT Encoding   

  12  0:00  Drone  
  13  0:13  Overlord  
  13  0:18  Drone  
  14  0:31  Drone x2  
  16  0:49  Hatchery  
  15  0:52  Drone  
  15  0:56  Drone  
  17  1:00  Drone  
  18  1:10  Extractor  
  17  1:16  Spawning Pool  
  17  1:18  Drone  
  17  1:22  Drone  
  18  1:28  Drone  
  20  1:40  Drone  
  20  1:54  Drone  
  21  2:01  Overlord  
  21  2:02  Queen x2  
  21  2:03  Zergling x2  
  26  2:10  Metabolic Boost  
  26  2:12  Drone  
  26  2:15  Drone  
  28  2:22  Drone  
  29  2:23  Drone  
  30  2:32  Drone  
  30  2:33  Drone  
  32  2:42  Hatchery  
  31  2:45  Drone  
  32  2:53  Overlord  
  32  2:55  Baneling Nest  
  32  2:56  Drone  
  32  2:58  Drone  
  33  3:06  Zergling x4  
  35  3:13  Drone x3  
  35  3:14  Zergling x4  
  35  3:16  Drone  
  41  3:21  Drone  
  41  3:22  Evolution Chamber  
  41  3:31  Queen  
  41  3:33  Drone  
  44  3:39  Baneling x3  
  44  3:40  Baneling  
  44  3:42  Baneling  
  43  3:50  Overlord  
  42  3:56  Zergling x14  
  42  4:00  Overlord  
  48  4:08  Extractor  
  47  4:14  Hatchery, Baneling x2  
  47  4:15  Baneling  
  46  4:21  Drone  
  46  4:22  Drone x6  
  53  4:24  Drone  
  53  4:25  Drone  
  53  4:29  Drone  
  56  4:32  Drone  
  57  4:42  Overlord  
  56  4:46  Zerg Melee Weapons Level 1  
  56  4:48  Zergling x8  
  56  4:52  Baneling  
  60  4:56  Overlord x2  
  59  5:03  Baneling  
  52  5:14  Zergling x2  
  52  5:15  Zergling x8  
  52  5:19  Baneling x4  
  56  5:22  Zergling x2  
  56  5:23  Zergling x6  
  56  5:25  Baneling  
  59  5:29  Extractor  
  59  5:30  Extractor  
  55  5:37  Zergling x4  
  48  5:50  Drone  
  48  5:51  Drone x7  
  48  5:53  Queen  
  60  5:57  Lair  
  60  5:58  Hatchery  
  60  5:59  Baneling x2  
  60  6:00  Baneling x2  
  57  6:08  Zergling x6  
  60  6:12  Zergling x2  
  60  6:15  Hatchery  
  60  6:17  Overlord  
  60  6:19  Zergling x2  
  60  6:20  Zergling x4  
  60  6:23  Zergling x2  
  62  6:26  Zergling x6  
  62  6:28  Queen  
  62  6:31  Zergling x2  
  68  6:37  Overlord  
  68  6:46  Zergling x4  
  70  6:47  Baneling x3  
  70  6:48  Baneling x5  
  70  6:58  Spire  
  70  7:00  Overlord  
  69  7:03  Zergling x8  
  73  7:14  Queen  
  75  7:22  Zergling x8  
  79  7:23  Overlord  
  79  7:32  Zergling x6  
  79  7:33  Zergling x4  
  83  7:37  Zergling x4  
  83  7:39  Overlord  
Tags
 
Add a new tag
Caveats
  • Supply blocks, unpowered buildings, or Contaminate may cause inaccurate times.
  • Supply counts are checked every 10 seconds.